 Dungeon Crawl Stone Soup version 0.23.1-44-gbd83930989 (webtiles) character file.

Game seed: 968618482999221844

16116 PentaManta the Carver (level 12, -15/86 HPs)
             Began as a Merfolk Fighter on Mar 31, 2019.
             Was a Priest of Dithmenos.
             Demolished by a white ugly thing (30 damage)
             ... on level 13 of the Dungeon.
             The game lasted 00:37:35 (11969 turns).

PentaManta the Carver (Merfolk Fighter)            Turns: 11969, Time: 00:37:35

Health: -15/86     AC:  9    Str: 16    XL:     12   Next: 34%
Magic:  0/12       EV: 20    Int: 10    God:    Dithmenos [***...]
Gold:   754        SH: 15    Dex: 19    Spells: 11/11 levels left

rFire    . . .     SeeInvis .   z - +0 scimitar
rCold    . . .     Gourm    .   C - +3 shield
rNeg     . . .     Faith    .   m - +0 troll leather armour
rPois    .         Spirit   +   e - +1 hat {Int+3}
rElec    .         Reflect  .   c - scarf {cloud immunity}
rCorr    .         Harm     .   i - +0 pair of gloves
MR       .....                  l - +2 pair of boots
Stlth    +++++.....             J - amulet of guardian spirit
HPRegen  0.64/turn              (no ring)
MPRegen  0.13/turn              (no ring)

@: wreathed by umbra
A: change form in water, swift swim, stealthy swim
a: Shadow Step, Renounce Religion


You were on level 13 of the Dungeon.
You worshipped Dithmenos.
Dithmenos was most pleased with you.
You were very hungry.

You visited 2 branches of the dungeon, and saw 14 of its levels.

You collected 754 gold pieces.

Inventory:

Hand Weapons
 z - a +0 scimitar (weapon)
Missiles
 b - a throwing net
 y - 29 tomahawks (quivered)
 B - 5 tomahawks of returning
Armour
 c - a scarf of cloud immunity (worn)
 d - a +0 cloak of invisibility
 e - a +1 hat of intelligence (worn)
 i - a +0 pair of gloves (worn)
 l - a +2 pair of boots (worn)
 m - a +0 troll leather armour (worn)
 C - a +3 shield (worn)
Jewellery
 D - an uncursed ring of ice
 J - an amulet of guardian spirit (around neck)
Wands
 j - a wand of random effects (16)
 p - a wand of digging (4)
 s - a wand of polymorph (13)
 A - a wand of flame (35)
 H - a wand of iceblast (7)
Scrolls
 a - 4 scrolls of identify
 g - 4 scrolls of teleportation
 h - a scroll of fear
 k - 3 scrolls of enchant armour
 n - a scroll of enchant weapon
 o - 3 scrolls of remove curse
 r - 2 scrolls of magic mapping
 u - 2 scrolls of fog
Potions
 t - 4 potions of flight
 v - 2 potions of lignification
 w - 2 potions of agility
 x - 2 potions of brilliance
 E - a potion of mutation
Miscellaneous
 q - a sack of spiders
Comestibles
 f - 22 rations


   Skills:
 * Level 5.5 Fighting
 - Level 14.5 Long Blades
 - Level 2.1 Armour
 - Level 11.1 Dodging
 + Level 6.4 Stealth
 * Level 9.7 Shields


You had 11 spell levels left.
You didn't know any spells.
Your spell library contained the following spells:

 Spells                   Type           Power        Failure   Level  Hunger
 Animate Skeleton         Necr           N/A          67%         1    ##.....
 Apportation              Tloc           #.....       67%         1    ##.....
 Confusing Touch          Hex            #.....       67%         1    ##.....
 Summon Small Mammal      Summ           #...         67%         1    ##.....
 Poisonous Vapours        Pois/Air       #.....       80%         2    ###....
 Conjure Flame            Conj/Fire      #.......     95%         3    ####...
 Mephitic Cloud           Conj/Pois/Air  #.......     95%         3    ####...
 Freezing Cloud           Conj/Ice/Air   #.........   100%        6    #######
 Ring of Flames           Chrm/Fire      #.........   100%        7    #######


Dungeon Overview and Level Annotations

Branches:
Dungeon (13/15)            Temple (1/1) D:7            Lair (0/6) D:10
    Orc (0/2) D:12
 Vaults: D:13-14

Altars:
Ashenzari
Cheibriados
Dithmenos
Elyvilon
Fedhas
Gozag
Hepliaklqana
Kikubaaqudgha
Makhleb
Nemelex Xobeh
Okawaru
Qazlal
Ru
Sif Muna
Trog
Uskayaw
Vehumet
Wu Jian
Xom
Yredelemnul
Zin
The Shining One

Shops:
D:8 :

Annotations:
D:12 2 transporters, Buffaloe's ghost, journeyman SpEn


Message History

The white ugly thing is heavily wounded.
The white ugly thing closely misses you.
You slash the white ugly thing!
The white ugly thing is severely wounded.
You block the white ugly thing's attack.
You slash the white ugly thing!
The white ugly thing is severely wounded.
You hit the white ugly thing.
The white ugly thing is almost dead.
The white ugly thing engulfs you but does no damage.
You slash the white ugly thing!
The white ugly thing is almost dead.
The white ugly thing engulfs you! The white ugly thing freezes you!!
* * * LOW HITPOINT WARNING * * *
You hit the white ugly thing but do no damage.
The white ugly thing is almost dead.
The white ugly thing engulfs you.
* * * LOW HITPOINT WARNING * * *
The white ugly thing freezes you!!
You die...

### #
#...#########..#
#_.5u@†........#
#...#.†<.......#
### #########..#


You could see a white ugly thing and a shadow imp.

Vanquished Creatures
  Gastronok (D:11)
  Harold (D:7)
  3 two-headed ogres
  Maurice (D:9)
  A centaur zombie (D:11)
  3 hornets
  2 trolls (D:10)
  2 hippogriffs
  Sigmund (D:2)
  A wyvern (D:11)
  13 yaks
  2 hogs (D:11)
  A human (D:11)
  2 vampire mosquitoes (D:13)
  A hungry ghost (D:11)
  Grum (D:8)
  Menkaure (D:4)
  2 water moccasins
  2 black bears
  2 porcupines (D:10)
  7 orc warriors
  7 ice beasts
  2 sky beasts
  2 phantoms
  2 wolves (D:8)
  7 centaurs
  5 crocodiles
  5 ogres
  2 big kobolds
  6 bullfrogs
  2 scorpions
  3 howler monkeys
  2 crimson imps
  A quasit (D:6)
  5 hounds
  10 orc priests
  2 jellies
  A bullfrog skeleton (D:8)
  2 centaur skeletons
  4 iguanas
  13 orc wizards
  8 worker ants
  A hound zombie (D:8)
  A worker ant zombie (D:7)
  4 gnolls
  2 howler monkey skeletons
  9 adders
  6 shadow imps
  An adder zombie (D:8)
  2 adder skeletons
  2 worms (D:3)
  2 dart slugs
  4 leopard geckos
  35 orcs
  7 bats
  2 giant cockroaches
  13 goblins
  12 hobgoblins
  26 jackals
  19 kobolds
  4 quokkas
  4 ball pythons
  4 frilled lizards
  A jackal skeleton (D:8)
  8 rats
310 creatures vanquished.

Vanquished Creatures (collateral kills)
  An ice beast (D:10)
1 creature vanquished.

Grand Total: 311 creatures vanquished

Notes
Turn   | Place    | Note
-------+----------+-------------------------------------------
     0 | D:1      | PentaManta the Merfolk Fighter began the quest for the Orb.
     0 | D:1      | Reached XP level 1. HP: 18/18 MP: 1/1
   241 | D:1      | Reached skill level 1 in Dodging
   241 | D:1      | Reached XP level 2. HP: 24/24 MP: 2/2
   364 | D:1      | Reached skill level 3 in Long Blades
   662 | D:1      | Reached XP level 3. HP: 27/29 MP: 3/3
   927 | D:2      | Reached skill level 4 in Long Blades
   927 | D:2      | Reached XP level 4. HP: 35/35 MP: 4/4
  1031 | D:2      | Noticed Sigmund
  1046 | D:2      | Killed Sigmund
  1046 | D:2      | Reached skill level 5 in Long Blades
  1046 | D:2      | Reached XP level 5. HP: 26/41 MP: 5/5
  1046 | D:2      | Reached XP level 6. HP: 30/47 MP: 6/6
  1793 | D:3      | Reached skill level 6 in Long Blades
  2001 | D:4      | Found a glowing silver altar of Zin.
  2013 | D:4      | Noticed an angel
  2134 | D:4      | Found a shimmering altar of Xom.
  2159 | D:4      | Noticed Menkaure
  2277 | D:4      | Killed Menkaure
  2277 | D:4      | Reached skill level 5 in Dodging
  2277 | D:4      | Reached XP level 7. HP: 9/52 MP: 7/7
  2670 | D:4      | Got an encrusted chain mail
  2681 | D:4      | Identified the cursed +0 chain mail of Huxkouz {Regen+
                  | Int+6} (You found it on level 4 of the Dungeon)
  2705 | D:4      | Reached skill level 7 in Long Blades
  2794 | D:4      | Found a glowing golden altar of the Shining One.
  2935 | D:5      | Entered Level 5 of the Dungeon
  3164 | D:5      | Found a hide-covered altar of Uskayaw.
  3164 | D:5      | Found an ancient bone altar of Kikubaaqudgha.
  3165 | D:5      | Found an ornate altar of the Wu Jian Council.
  3179 | D:5      | Found a bloodstained altar of Trog.
  3191 | D:5      | Found a bloodstained altar of Trog.
  3466 | D:5      | Reached skill level 8 in Long Blades
  3466 | D:5      | Reached XP level 8. HP: 57/58 MP: 8/8
  4353 | D:5      | Reached skill level 9 in Long Blades
  4914 | D:6      | Reached skill level 10 in Long Blades
  4950 | D:6      | Reached XP level 9. HP: 64/64 MP: 9/9
  5593 | D:7      | Noticed Harold
  5595 | D:7      | Found a shattered altar of Ashenzari.
  5613 | D:6      | Reached skill level 11 in Long Blades
  5649 | D:7      | Killed Harold
  5760 | D:7      | Noticed a hornet
  5769 | D:7      | Killed a hornet
  5769 | D:7      | Reached skill level 12 in Long Blades
  5769 | D:7      | Reached skill level 10 in Dodging
  5846 | D:7      | Reached XP level 10. HP: 70/70 MP: 10/10
  5977 | D:7      | Found a staircase to the Ecumenical Temple.
  5986 | Temple   | Entered the Ecumenical Temple
  6003 | Temple   | Became a worshipper of Dithmenos the Shadowed
  6583 | D:8      | Noticed a two-headed ogre
  6663 | D:8      | Killed a two-headed ogre
  6663 | D:8      | Reached skill level 13 in Long Blades
  6752 | D:8      | Found a hazy altar of Hepliaklqana.
  6862 | D:8      | Noticed Grum
  7008 | D:8      | Killed Grum
  7074 | D:8      | Found Gafesh's Book Boutique.
  7153 | D:8      | Reached * piety under Dithmenos
  7254 | D:8      | Found a deep blue altar of Sif Muna.
  7624 | D:9      | Found a snail-covered altar of Cheibriados.
  7668 | D:9      | Noticed Maurice
  8149 | D:9      | Found a snail-covered altar of Cheibriados.
  8301 | D:9      | Killed Maurice
  8446 | D:10     | Entered Level 10 of the Dungeon
  8446 | D:10     | Noticed a two-headed ogre
  8549 | D:9      | Killed a two-headed ogre
  8549 | D:9      | Reached skill level 14 in Long Blades
  8549 | D:9      | Reached skill level 5 in Shields
  8549 | D:9      | Reached XP level 11. HP: 28/75 MP: 11/11
  9227 | D:10     | Reached skill level 1 in Stealth
  9247 | D:10     | Found a staircase to the Lair.
  9473 | D:10     | Reached ** piety under Dithmenos
 10239 | D:11     | Noticed Gastronok
 10421 | D:11     | Killed Gastronok
 10421 | D:11     | Reached skill level 5 in Stealth
 10789 | D:11     | Reached XP level 12. HP: 83/83 MP: 12/12
 11148 | D:11     | Found an ornate altar of the Wu Jian Council.
 11269 | D:12     | Noticed a catoblepas
 11618 | D:12     | Noticed Buffaloe's ghost (journeyman SpEn)
 11619 | D:12     | Found a transporter.
 11625 | D:12     | Noticed a two-headed ogre
 11627 | D:12     | Found a staircase to the Orcish Mines.
 11647 | D:11     | Killed a two-headed ogre
 11647 | D:11     | Reached skill level 5 in Fighting
 11718 | D:12     | Reached *** piety under Dithmenos
 11807 | D:12     | Found a transporter.
 11957 | D:13     | Found a shadowy altar of Dithmenos.
 11969 | D:13     | Demolished by a white ugly thing

Skill      XL: |  1  2  3  4  5  6  7  8  9 10 11 12 |
---------------+-------------------------------------+-----
Dodging        | 1 2 4 5 6 8 10 11 | 11.1
Long Blades    | 3 4 5 6 8 10 12 14 | 14.5
Shields        | 5 9 |  9.7
Stealth        | 5 6 |  6.4
Fighting       | 5 |  5.5
Armour         | |  2.1

Action                   |  1- 3 |  4- 6 |  7- 9 | 10-12 || total
-------------------------+-------+-------+-------+-------++-------
Melee: Long sword        |    82 |   153 |   488 |   623 ||  1346
       Tailslap          |       |       |     2 |       ||     2
       Scimitar          |       |       |       |   380 ||   380
Throw: Tomahawk          |       |     5 |     6 |     4 ||    15
       Throwing net      |       |       |       |     2 ||     2
Evoke: Wand              |       |       |     6 |     6 ||    12
  Use: Potion            |       |       |     3 |    10 ||    13
       Scroll            |       |       |    18 |     8 ||    26
 Stab: Sleeping          |       |       |       |     5 ||     5
       Distracted        |       |       |       |     2 ||     2
  Eat: Chunk             |       |     5 |    11 |    19 ||    35
       Ration            |       |       |       |     1 ||     1
Armor: Scale mail        |    42 |    56 |       |       ||    98
       Chain mail        |       |       |   242 |   109 ||   351
       Troll leather arm |       |       |       |    30 ||    30
       Skin              |       |       |       |     5 ||     5
Dodge: Dodged            |    29 |    68 |   165 |   423 ||   685
Block: Shield            |    38 |    61 |   353 |   635 ||  1087
       Rpst.: Long sword |    11 |    16 |    44 |    74 ||   145
       Scimitar          |       |       |       |    66 ||    66
